TOP OF THE 1ST |
University of Nebraska Cornhuskers batting - Pitching for University of Florida Gators : RHP Marc Miles
|
Pitching: RHP Marc Miles
|
|
Batting: RHB Chris Anthony
|
0-0: Fly out, F9 (Flyball, 89D, EV 99.4 MPH)
|
Batting: RHB Quentin Howland
|
0-0: Ground out 5-3 (Groundball, 56, EV 76.2 MPH)
|
Batting: RHB Zion Jones
|
0-0: Foul Ball, location: 2F 0-1: Foul Ball, location: 2F 0-2: Strikes out looking
|
Top of the 1st over - 0 runs, 0 hits, 0 errors, 0 left on base; University of Nebraska 0 - University of Florida 0 |
BOTTOM OF THE 1ST |
University of Florida Gators batting - Pitching for University of Nebraska Cornhuskers : RHP Alvaro de la Paz
|
Pitching: RHP Alvaro de la Paz
|
|
Batting: LHB Terry Bayer
|
0-0: Ball 1-0: Swinging Strike 1-1: Foul Ball, location: 2F 1-2: SINGLE (Groundball, 56, EV 103.1 MPH) (infield hit)
|
Batting: RHB Luis Cabera
|
0-0: Ball Pickoff Throw to First - Error! E1 Terry Bayer to second 1-0: Ball 2-0: Fly out, F8 (Line Drive, 8RM, EV 97.5 MPH)
|
Batting: RHB Ben Bailey
|
0-0: Called Strike 0-1: Ball 1-1: Ball 2-1: Ball 3-1: Called Strike 3-2: Foul Ball, location: 2F 3-2: Foul Ball, location: 2F 3-2: Base on Balls
|
Batting: SHB Nelson Carachure
|
0-0: Ball Terry Bayer steals 3rd base 1-0: Foul Ball, location: 2F 1-1: Foul Ball, location: 2F 1-2: SINGLE (Groundball, 5L, EV 100.0 MPH) Terry Bayer scores Ben Bailey to second
|
Batting: RHB Robert Mason
|
0-0: Ball 1-0: Grounds into double play, 6-4-3 (Groundball, 6, EV 86.2 MPH)
|
Bottom of the 1st over - 1 run, 2 hits, 1 error, 1 left on base; University of Nebraska 0 - University of Florida 1 |
TOP OF THE 2ND |
University of Nebraska Cornhuskers batting - Pitching for University of Florida Gators : RHP Marc Miles
|
Batting: RHB Rob Bryan
|
0-0: Called Strike 0-1: Foul Ball, location: 2F 0-2: Ball 1-2: Foul Ball, location: 2F 1-2: Ball 2-2: Ball 3-2: Strikes out swinging
|
Batting: LHB Bob Appleby
|
0-0: Ball 1-0: Ground out 4-3 (Groundball, 4MS, EV 87.5 MPH)
|
Batting: RHB Will England
|
0-0: Foul Ball, location: 2F 0-1: Ground out 6-3 (Groundball, 6, EV 86.2 MPH)
|
Top of the 2nd over - 0 runs, 0 hits, 0 errors, 0 left on base; University of Nebraska 0 - University of Florida 1 |
BOTTOM OF THE 2ND |
University of Florida Gators batting - Pitching for University of Nebraska Cornhuskers : RHP Alvaro de la Paz
|
Batting: RHB Gong-sun Law
|
0-0: Foul Ball, location: 2F 0-1: Ball 1-1: Ball 2-1: Foul Ball, location: 2F 2-2: Ball 3-2: Ground out 6-3 (Groundball, 6, EV 83.8 MPH)
|
Batting: RHB Marco Morales
|
0-0: SINGLE (Flyball, 8RS, EV 95.0 MPH)
|
Batting: RHB Lião Weishampt
|
0-0: Ball Marco Morales steals 2nd base 1-0: Foul Ball, location: 2F 1-1: Ball 2-1: Ball 3-1: Ground out 4-3 (Groundball, 4M, EV 85.0 MPH) Marco Morales to third
|
Batting: RHB Juan Lopez
|
0-0: Swinging Strike 0-1: Ball 1-1: Fly out, F9 (Flyball, 89M, EV 95.0 MPH)
|
Bottom of the 2nd over - 0 runs, 1 hit, 0 errors, 1 left on base; University of Nebraska 0 - University of Florida 1 |
TOP OF THE 3RD |
University of Nebraska Cornhuskers batting - Pitching for University of Florida Gators : RHP Marc Miles
|
Batting: LHB Mike Rawson
|
0-0: Called Strike 0-1: Ground out 6-3 (Groundball, 6, EV 88.8 MPH)
|
Batting: RHB Danny Forbes
|
0-0: Ball 1-0: Called Strike 1-1: Ball 2-1: Ground out 4-3 (Groundball, 4S, EV 86.2 MPH)
|
Batting: SHB Kent Worboys
|
0-0: Called Strike 0-1: Called Strike 0-2: Strikes out looking
|
Top of the 3rd over - 0 runs, 0 hits, 0 errors, 0 left on base; University of Nebraska 0 - University of Florida 1 |
BOTTOM OF THE 3RD |
University of Florida Gators batting - Pitching for University of Nebraska Cornhuskers : RHP Alvaro de la Paz
|
Batting: LHB Terry Bayer
|
0-0: Called Strike 0-1: Foul Ball, location: 2F 0-2: Strikes out swinging
|
Batting: RHB Luis Cabera
|
0-0: Fly out, F9 (Flyball, 9, EV 96.9 MPH)
|
Batting: RHB Ben Bailey
|
0-0: Ground out 5-3 (Groundball, 56, EV 85.0 MPH)
|
Bottom of the 3rd over - 0 runs, 0 hits, 0 errors, 0 left on base; University of Nebraska 0 - University of Florida 1 |
TOP OF THE 4TH |
University of Nebraska Cornhuskers batting - Pitching for University of Florida Gators : RHP Marc Miles
|
Batting: RHB Chris Anthony
|
0-0: Swinging Strike 0-1: Called Strike 0-2: Ball 1-2: Strikes out swinging
|
Batting: RHB Quentin Howland
|
0-0: Ball 1-0: Ball 2-0: Ball 3-0: Called Strike 3-1: Foul Ball, location: 2F 3-2: Strikes out swinging
|
Batting: RHB Zion Jones
|
0-0: Swinging Strike 0-1: Swinging Strike 0-2: Ball 1-2: Strikes out swinging
|
Top of the 4th over - 0 runs, 0 hits, 0 errors, 0 left on base; University of Nebraska 0 - University of Florida 1 |
BOTTOM OF THE 4TH |
University of Florida Gators batting - Pitching for University of Nebraska Cornhuskers : RHP Alvaro de la Paz
|
Batting: SHB Nelson Carachure
|
0-0: Ball 1-0: Swinging Strike 1-1: Ball 2-1: Foul Ball, location: 2F 2-2: Ball 3-2: SINGLE (Flyball, 3D, EV 84.4 MPH)
|
Batting: RHB Robert Mason
|
0-0: Ball 1-0: Ball 2-0: Ball 3-0: Called Strike 3-1: Foul Ball, location: 2F 3-2: SINGLE (Line Drive, 8LS, EV 95.6 MPH) Nelson Carachure to second Runner from 2nd tries for 3rd, SAFE, throw by CF made to third
|
Batting: RHB Gong-sun Law
|
0-0: Ball 1-0: Called Strike 1-1: Ball 2-1: SINGLE (Groundball, 56S, EV 72.5 MPH) (infield hit) Nelson Carachure scores Robert Mason to second
|
Batting: RHB Marco Morales
|
0-0: Called Strike 0-1: DOUBLE (Line Drive, 9LM, EV 101.2 MPH) Robert Mason scores Gong-sun Law to third
|
Batting: RHB Lião Weishampt
|
0-0: Ball 1-0: Ball 2-0: Called Strike 2-1: Ball 3-1: SINGLE (Line Drive, 89M, EV 85.6 MPH) Gong-sun Law scores Marco Morales to third
|
Batting: RHB Juan Lopez
|
0-0: Ball 1-0: Foul Ball, location: 2F 1-1: Foul Ball, location: 2F 1-2: Ball 2-2: Ball 3-2: Fielders Choice at 2nd, 6-4 (Groundball, 6, EV 86.2 MPH) Marco Morales scores
|
Pitching: RHP Antonino Charno
|
|
Pinch Hitting: RHB Keith Kamerling
|
0-0: Ball 1-0: Called Strike 1-1: Foul Ball, location: 2F 1-2: Hit by Pitch Juan Lopez to second
|
Batting: RHB Luis Cabera
|
0-0: Ball 1-0: Fielders Choice at 2nd, 3-6 (Groundball, 34, EV 80.0 MPH) Juan Lopez to third
|
Batting: RHB Ben Bailey
|
0-0: Fielders Choice at 2nd, 6-4 (Groundball, 6, EV 81.2 MPH)
|
Bottom of the 4th over - 4 runs, 5 hits, 0 errors, 2 left on base; University of Nebraska 0 - University of Florida 5 |
TOP OF THE 5TH |
University of Nebraska Cornhuskers batting - Pitching for University of Florida Gators : RHP Marc Miles
|
Now at C: Nathan Clement
|
|
Now at 3B: C.J. Clifford
|
|
Now in LF: Pat Justice
|
|
Now in CF: Juan Cadavid
|
|
Now in RF: Dave Newsome
|
|
Batting: RHB Rob Bryan
|
0-0: SINGLE (Groundball, 56D, EV 98.1 MPH)
|
Batting: LHB Bob Appleby
|
0-0: Ball 1-0: Fielders Choice at 2nd, 4-6 (Groundball, 4S, EV 94.4 MPH)
|
Batting: RHB Will England
|
0-0: Ball 1-0: Swinging Strike 1-1: Called Strike 1-2: Strikes out swinging
|
Batting: LHB Mike Rawson
|
0-0: Ground out U3 (Groundball, 3, EV 91.9 MPH)
|
Top of the 5th over - 0 runs, 1 hit, 0 errors, 1 left on base; University of Nebraska 0 - University of Florida 5 |
BOTTOM OF THE 5TH |
University of Florida Gators batting - Pitching for University of Nebraska Cornhuskers : RHP Antonino Charno
|
Pitching: RHP Miguel Bustamante
|
|
Now at SS: Tariq Garane
|
|
Now in LF: Kevin Brannon
|
|
Batting: SHB Pat Justice
|
0-0: Called Strike 0-1: Ball 1-1: Called Strike 1-2: Strikes out swinging
|
Batting: LHB Dave Newsome
|
0-0: Ball 1-0: Foul Ball, location: 2F 1-1: Foul Ball, location: 2F 1-2: Foul Ball, location: 2F 1-2: Ground out 6-3 (Groundball, P, EV 87.5 MPH)
|
Batting: RHB Gong-sun Law
|
0-0: Ball 1-0: Swinging Strike 1-1: Ball 2-1: Ball 3-1: Base on Balls
|
Pinch Hitting: RHB Manny Harrison
|
0-0: Ball 1-0: Foul Ball, location: 2F 1-1: Ball 2-1: Ball 3-1: Foul Ball, location: 2F 3-2: Base on Balls Gong-sun Law to second
|
Batting: RHB C.J. Clifford
|
0-0: Foul Ball, location: 2F 0-1: Ball 1-1: Called Strike 1-2: Ball 2-2: Reached on error, E6 (Groundball, 56, EV 106.9 MPH) Gong-sun Law scores Manny Harrison to third
|
Batting: LHB Juan Cadavid
|
0-0: Called Strike 0-1: Called Strike 0-2: Foul Ball, location: 2F 0-2: Strikes out swinging
|
Bottom of the 5th over - 1 run, 0 hits, 1 error, 2 left on base; University of Nebraska 0 - University of Florida 6 |
TOP OF THE 6TH |
University of Nebraska Cornhuskers batting - Pitching for University of Florida Gators : RHP Marc Miles
|
Now at 2B: Manny Harrison
|
|
Batting: RHB Danny Forbes
|
0-0: Called Strike 0-1: Foul Ball, location: 2F 0-2: Ball 1-2: Ball 2-2: Foul Ball, location: 2F 2-2: Fly out, F8 (Flyball, 8RM, EV 85.6 MPH)
|
Batting: SHB Kent Worboys
|
0-0: Ball 1-0: Ball 2-0: Called Strike 2-1: Swinging Strike 2-2: Foul Ball, location: 2F 2-2: Fly out, F9 (Line Drive, 89S, EV 90.6 MPH)
|
Pinch Hitting: RHB Jeremy Weaver
|
0-0: Ball 1-0: Foul Ball, location: 2F 1-1: Ball 2-1: Ball 3-1: Foul Ball, location: 2F 3-2: Base on Balls
|
Pinch Hitting: SHB Andy Henn
|
0-0: Ball 1-0: Ball Jeremy Weaver is caught stealing 2nd base 2-6
|
Top of the 6th over - 0 runs, 0 hits, 0 errors, 0 left on base; University of Nebraska 0 - University of Florida 6 |
BOTTOM OF THE 6TH |
University of Florida Gators batting - Pitching for University of Nebraska Cornhuskers : RHP Miguel Bustamante
|
Pitching: RHP Joe Hunter
|
|
Now at 2B: Andy Henn
|
|
Now at 3B: Tim Bond
|
|
Now in CF: Jeremy Weaver
|
|
Now in RF: Alfonso Escalante
|
|
Batting: SHB Nathan Clement
|
0-0: Foul Ball, location: 2F 0-1: Ball 1-1: Foul Ball, location: 2F 1-2: Ground out U3 (Groundball, 3, EV 84.4 MPH)
|
Batting: LHB Jose Garcia
|
0-0: Ball 1-0: Ball 2-0: Called Strike 2-1: Ball 3-1: Fly out, F7 (Flyball, 7S, EV 81.2 MPH)
|
Pinch Hitting: LHB Paul Martel
|
0-0: Swinging Strike 0-1: Foul Ball, location: 2F 0-2: Ball 1-2: Strikes out looking and he ARGUES THE CALL AND IS TOSSED!
|
Bottom of the 6th over - 0 runs, 0 hits, 0 errors, 0 left on base; University of Nebraska 0 - University of Florida 6 |
TOP OF THE 7TH |
University of Nebraska Cornhuskers batting - Pitching for University of Florida Gators : RHP Marc Miles
|
Pitching: RHP Vespasiano Galvanoni
|
|
Now at 1B: Sumio Takahashi
|
|
Batting: SHB Andy Henn
|
0-0: Swinging Strike 0-1: Ground out U3 (Groundball, 3, EV 98.1 MPH)
|
Pinch Hitting: LHB Avicenna Abdul-Muta'al
|
0-0: Ball 1-0: Foul Ball, location: 2F 1-1: Foul Ball, location: 2F 1-2: Ball 2-2: Strikes out looking
|
Batting: RHB Tariq Garane
|
0-0: Fly out, F5 (Line Drive, 56, EV 63.1 MPH)
|
Top of the 7th over - 0 runs, 0 hits, 0 errors, 0 left on base; University of Nebraska 0 - University of Florida 6 |
BOTTOM OF THE 7TH |
University of Florida Gators batting - Pitching for University of Nebraska Cornhuskers : RHP Joe Hunter
|
Now at 1B: Aidan Collet
|
|
Now at 3B: Ruben Savino
|
|
Batting: SHB Pat Justice
|
0-0: Foul Ball, location: 2F 0-1: Ball 1-1: Called Strike 1-2: Ball 2-2: Strikes out swinging
|
Batting: LHB Dave Newsome
|
0-0: Called Strike 0-1: Ball 1-1: Foul Ball, location: 2F 1-2: Strikes out looking
|
Batting: RHB Gong-sun Law
|
0-0: Called Strike 0-1: Called Strike 0-2: Ball 1-2: Ground out 6-3 (Groundball, 6, EV 98.1 MPH)
|
Bottom of the 7th over - 0 runs, 0 hits, 0 errors, 0 left on base; University of Nebraska 0 - University of Florida 6 |
TOP OF THE 8TH |
University of Nebraska Cornhuskers batting - Pitching for University of Florida Gators : RHP Vespasiano Galvanoni
|
Pitching: RHP Jeff Nadeau
|
|
Pinch Hitting: SHB Gary Luckwell
|
0-0: Fly out, F9 (Flyball, 9, EV 88.8 MPH)
|
Batting: RHB Will England
|
0-0: Swinging Strike 0-1: Ball 1-1: Ball 2-1: Swinging Strike 2-2: Strikes out swinging
|
Batting: RHB Salvador Guillen
|
0-0: Called Strike 0-1: Foul Ball, location: 2F 0-2: Ball 1-2: Strikes out looking
|
Top of the 8th over - 0 runs, 0 hits, 0 errors, 0 left on base; University of Nebraska 0 - University of Florida 6 |
BOTTOM OF THE 8TH |
University of Florida Gators batting - Pitching for University of Nebraska Cornhuskers : RHP Joe Hunter
|
Now in LF: David Arevalo
|
|
Batting: RHB Manny Harrison
|
0-0: Ball 1-0: Called Strike 1-1: Ball 2-1: Ball 3-1: Called Strike 3-2: Fly out, F7 (Flyball, 7, EV 93.1 MPH)
|
Batting: RHB C.J. Clifford
|
0-0: Called Strike 0-1: Swinging Strike 0-2: Ground out 5-3 (Groundball, 56, EV 102.5 MPH)
|
Batting: LHB Juan Cadavid
|
0-0: Called Strike 0-1: Ball 1-1: Foul Ball, location: 2F 1-2: Ball 2-2: Ball 3-2: Base on Balls
|
Batting: SHB Nathan Clement
|
0-0: Called Strike 0-1: Ball 1-1: Ball 2-1: Swinging Strike 2-2: Ball 3-2: Base on Balls Juan Cadavid to second
|
Batting: LHB Jose Garcia
|
0-0: Called Strike 0-1: Ball 1-1: Ball 2-1: Ball 3-1: Base on Balls Juan Cadavid to third Nathan Clement to second
|
Pitching: RHP Doug Haas
|
|
Batting: RHB Sumio Takahashi
|
0-0: Called Strike 0-1: Called Strike 0-2: Ball 1-2: Ball 2-2: Strikes out swinging
|
Bottom of the 8th over - 0 runs, 0 hits, 0 errors, 3 left on base; University of Nebraska 0 - University of Florida 6 |
TOP OF THE 9TH |
University of Nebraska Cornhuskers batting - Pitching for University of Florida Gators : RHP Jeff Nadeau
|
Pitching: RHP Justin Alvarado
|
|
Pinch Hitting: RHB Jason Blakeley
|
0-0: Ball 1-0: Ground out 6-3 (Groundball, 6S, EV 89.4 MPH)
|
Batting: RHB Aidan Collet
|
0-0: Swinging Strike 0-1: Foul Ball, location: 2F 0-2: Strikes out swinging
|
Batting: RHB Jeremy Weaver
|
0-0: Ball 1-0: Ball 2-0: Called Strike 2-1: Ball 3-1: Base on Balls
|
Batting: SHB Andy Henn
|
0-0: Called Strike 0-1: Ground out 4-3 (Groundball, 34S, EV 86.9 MPH)
|
Top of the 9th over - 0 runs, 0 hits, 0 errors, 1 left on base; University of Nebraska 0 - University of Florida 6 |
|